 Dungeon Crawl Stone Soup version 0.28-a0-622-gbaef9634d7 (webtiles) character file.

Game seed: 14828695376803500246

7 ryw the Skirmisher (level 1, -1/17 HPs)
             Began as a Demonspawn Gladiator on Oct 8, 2021.
             Succumbed to an adder's poison
             ... on level 2 of the Dungeon.
             The game lasted 00:00:51 (376 turns).

ryw the Skirmisher (Demonspawn Gladiator)            Turns: 376, Time: 00:00:51

Health: -1/17      AC:  6    Str: 14    XL:     1   Next: 91%
Magic:  1/1        EV: 11    Int:  9    God:
Gold:   0          SH:  0    Dex: 14    Spells: 0/0 levels left

rFire   . . .      SeeInvis .     - Unarmed
rCold   . . .      Faith    .   (no shield)
rNeg    . . .      Spirit   .   e - +0 ring mail
rPois   .          Reflect  .   b - +0 helmet
rElec   .          Harm     .   (no cloak)
rCorr   .          Rampage  .   (no gloves)
Will    .....                   (no boots)
Stlth   +.........              (no amulet)
HPRegen 0.05/turn               (no ring)
MPRegen 0.07/turn               (no ring)

@: lethally poisoned (-1 -> -7), flying
A: no striking features
a: no special abilities


You were on level 2 of the Dungeon.
You visited 1 branch of the dungeon, and saw 2 of its levels.

Inventory:

Missiles
 c - 3 throwing nets (quivered)
Armour
 b - a +0 helmet (worn)
 e - a +0 ring mail (worn)
Scrolls
 a - a scroll of vulnerability {unknown}
 f - a scroll of fog {unknown}
 g - a scroll of teleportation {unknown}
Potions
 d - a potion of flight


   Skills:
 + Level 2.7 Fighting
 - Level 1.7 Throwing
 - Level 2.6 Dodging
 - Level 2.6 Unarmed Combat


You couldn't memorise any spells.
You didn't know any spells.
Your spell library contained the following spells:

 Spells                   Type           Power      Damage    Failure   Level
 Pain                     Necr           0%         1d4       63%         1
 Agony                    Necr           0%         N/A       100%        5
 Excruciating Wounds      Necr           0%         N/A       100%        5


Dungeon Overview and Level Annotations

Branches:
Dungeon (1/15)

Altars:


Message History

You fall into a shaft and drop 1 floor!
The shaft crumbles and collapses.
Found a scroll labelled JEPSIR EFIPROU.
Found a stone staircase leading up.
g - a scroll labelled JEPSIR EFIPROU
There is a stone staircase leading up here.
Found 9 gold pieces.
An adder comes into view.
Found 4 gold pieces and a tower shield.
The adder hisses angrily.
A hobgoblin comes into view.
The hobgoblin shouts!
You hear a shout!
The adder bites you.
A goblin comes into view. It is wielding a +0 dagger.
You see here 4 gold pieces.
You hit the adder but do no damage. The adder bites you.
The adder bites you but does no damage.
You hit the adder but do no damage. The adder bites you but does no damage.
You miss the adder. The hobgoblin misses you.
The goblin hits you but does no damage. The adder barely misses you.
Unknown command.
The goblin hits you but does no damage. The hobgoblin barely misses you.
The adder bites you.
You are poisoned.
The adder poisons you!
You feel sick. The goblin hits you with a +0 dagger.
You feel sick.
It was a potion of flight.
You feel very buoyant.
You fly up into the air.
You feel sick. The goblin barely misses you.
You feel sick.
You feel sick.
You feel sick.
You are no longer poisoned.
The adder bites you but does no damage. The adder barely misses you.
The adder bites you.
* * * LOW HITPOINT WARNING * * *
You are lethally poisoned!
The adder poisons you! The adder bites you but does no damage.
You die...

### #.# #.#
#.## #<.##
#...########
#....##....####
#.....#........
#......@.###.
#...####.##.###
##.## #gS#$[.#
### #.#...#...#
#g###.# .#
#.##.###...
#........#
#.###.#### #.#
.#


You could see an adder, a hobgoblin and a goblin.

Vanquished Creatures
  An endoplasm (D:1)
  3 goblins (D:1)
  A quokka (D:1)
  A bat (D:1)
  A rat (D:1)
7 creatures vanquished.

Notes
Turn   | Place    | Note
-------+----------+-------------------------------------------
     0 | D:1      | ryw the Demonspawn Gladiator began the quest for the Orb.
     0 | D:1      | Reached XP level 1. HP: 16/16 MP: 1/1
   343 | D:1      | You fall into a shaft and drop 1 floor!
   376 | D:2      | Succumbed to an adder's poison

Illustrated notes

Levels and vault maps discovered:
D:1:      mainiacjoe_arrival_reflecting_pool, layout_basic
D:2:      layout_loops_ring, basic_altar, minmay_misc_feat_four_crosses,
          corner_web_ring, minmay_pentomino_p4, uniq_jessica, uniq_sigmund,
          uniq_crazy_yiuf_cottage

Action                   || total
-------------------------++-------
Melee: Unarmed           ||    25
       Punch             ||     1
  Use: Potion            ||     1
Armor: Leather armour    ||     8
       Ring mail         ||     6
Dodge: Dodged            ||    24

Table legend: (Time is in decaauts)
 A = Elapsed time spent in this place.
 B = Non-inter-level travel time spent in this place.
 C = Inter-level travel time spent in this place.
 D = Time resting spent in this place.
 E = Time spent auto-exploring this place.
 F = Levels seen in this place.
 G = Mean time per level.
                   A        B        C        D        E       F      G
               +--------+--------+--------+--------+--------+-----+--------+
         Total |    374 |    374 |      0 |    188 |     83 |   2 |  187.0 |
       Dungeon |    374 |    374 |      0 |    188 |     83 |   2 |  187.0 |
               +--------+--------+--------+--------+--------+-----+--------+

Top non-repeatable levels by time:
     D:1: 341 daAuts
     D:2: 32 daAuts
